 Dungeon Crawl Stone Soup version 0.27-a0-279-gdfb9265905 (webtiles) character file.

Game seed: 5571142785066726506

2479 gimp the Quickloader (level 9, -3/63 HPs)
             Began as a Formicid Hunter on Feb 8, 2021.
             Was an Elder of Okawaru.
             Slain by an orc warrior (14 damage)
             ... in a bailey.
             The game lasted 00:16:32 (8279 turns).

gimp the Quickloader (Formicid Hunter)              Turns: 8279, Time: 00:16:33

Health: -3/63      AC: 12    Str: 21    XL:     9   Next: 80%
Magic:  12/13      EV: 10    Int: 10    God:    Okawaru [****..]
Gold:   1466       SH:  0    Dex: 11    Spells: 8/8 levels left

rFire    + . .     SeeInvis +   b - +0 flail
rCold    + . .     Faith    .   (no shield)
rNeg     . . .     Spirit   .   u - +1 chain mail
rPois    +         Reflect  .   (helmet unavailable)
rElec    .         Harm     .   B - scarf {rC+ rF+}
rCorr    .         Rampage  .   (no gloves)
Will     +....                  (no boots)
Stlth    ..........             (no amulet)
HPRegen  0.20/turn              q - ring of poison resistance
MPRegen  0.13/turn              C - ring of willpower

@: heroism
A: permanent stasis, dig shafts and tunnels, four strong arms, antennae 3
a: Dig, Renounce Religion, Heroism


You were in a bailey.
You worshipped Okawaru.
Okawaru was greatly pleased with you.
You visited 1 branch of the dungeon, and saw 7 of its levels.
You also visited: Sewer and Bailey.

You collected 1466 gold pieces.

Inventory:

Hand Weapons
 a - a +1 hand crossbow
 b - a +0 flail (weapon)
Missiles
 d - 70 bolts
 p - 27 poisoned darts (quivered)
Armour
 u - a +1 chain mail (worn)
 B - a scarf of resistance (worn)
Jewellery
 l - an uncursed ring of resist corrosion
 n - an uncursed ring of fire
 q - a ring of poison resistance (left hand)
 C - a ring of willpower (right hand)
 D - an uncursed ring of protection from cold
Wands
 e - a wand of polymorph (12)
 t - a wand of digging (7)
Scrolls
 i - a scroll of magic mapping
 k - a scroll of enchant weapon
 s - a scroll of amnesia
 w - a scroll of immolation
 y - a scroll of remove curse
Potions
 h - 3 potions of brilliance
 j - 5 potions of curing
 o - 2 potions of attraction
 x - 3 potions of mutation
 z - a potion of magic
 A - 2 potions of flight


   Skills:
 - Level 3.0(8.0) Fighting
 + Level 5.1(10.1) Maces & Flails
 * Level 9.4(14.4) Crossbows
 - Level 5.0(10.0) Armour
 - Level 1.7(6.7) Dodging
 - Level 1.2(6.2) Stealth
 + Level 6.6 Invocations


You had 8 spell levels left.
You didn't know any spells.
Your spell library contained the following spells:

 Spells                   Type           Power        Failure   Level
 Magic Dart               Conj           0%           94%         1
 Call Imp                 Summ           0%           98%         2
 Slow                     Hex            0%           98%         2
 Conjure Flame            Conj/Fire      0%           100%        3
 Mephitic Cloud           Conj/Pois/Air  0%           100%        3
 Blink                    Tloc           Unusable     N/A         2

Dungeon Overview and Level Annotations

Branches:
Dungeon (7/15)             Temple (0/1) D:5           Sewer (visited)
 Bailey (1/1)

Altars:
Dithmenos
Kikubaaqudgha
Nemelex Xobeh
Okawaru
The Shining One

Annotations:
D:6 1 runed translucent door, garrulousMonolith's ghost, novice HOFi


Innate Abilities, Weirdness & Mutations

You cannot be hasted, slowed, berserked, paralysed or teleported.
You can dig through walls and to a lower floor.
Your four strong arms can wield two-handed weapons with a shield.
You have a pair of large antennae on your head. (SInv)


Message History

The orc warrior seems to slow down.
The orc warrior is moderately wounded.
The orc warrior barely misses you.
Throw: 28 darts (poison)
Press: ? - help, Q - select action, (/) - cycle Shift-Dir - straight line, f/p - orc warrior
Aim: an orc warrior, wielding a +0 arbalest, wearing a +0 ring mail and quivering bolts (moderately wounded, very poisoned, slow, 56% to hit)
You throw a poisoned dart.
The poisoned dart closely misses the orc warrior.
The orc hits you but does no damage.
The orc warrior shoots a bolt.
The bolt hits you!
* * * LOW HITPOINT WARNING * * *
The orc warrior closely misses you.
You take 10 damage, and have 7/63 hp.
You hit the orc warrior but do no damage.
The orc warrior is severely wounded.
The orc warrior hits you.
* * * LOW HITPOINT WARNING * * *
You take 1 damage, and have 6/63 hp.
You feel better. The orc warrior hits you!
You die...

## ### ##.#
#########∩##
#...##.....##.∩.# ...
#...#..≈≈≈..#)))#..≈≈
#!..#.≈≈.≈≈.......≈≈o≈≈
#..o'o≈.∩)≈)......≈oo.≈
#...#o≈≈.≈≈.......≈≈o≈≈
#...#.o≈≈≈..#...#..≈≈≈.
#}o.##@....##...##.(...
##.# #########∩## #####
## ###


You could see 2 orc warriors and an orc.

Vanquished Creatures
  A water moccasin (Bailey)
  5 orc warriors
  A black bear (D:6)
  2 ogres (D:5)
  A centaur (D:6)
  5 phantoms
  A bullfrog (D:6)
  A big kobold (Sewer)
  2 scorpions (D:4)
  2 howler monkeys
  A bullfrog zombie (D:7)
  2 centaur zombies
  3 hounds (D:4)
  2 centaur skeletons (D:6)
  A gnoll shaman (D:4)
  6 orc wizards
  Ijyb (D:4)
  4 worker ants
  9 gnolls
  A howler monkey skeleton (D:4)
  8 adders
  A shadow imp (D:6)
  3 white imps
  An ufetubus (D:4)
  3 oozes
  3 worms
  A dart slug (D:3)
  3 leopard geckos
  28 orcs
  9 goblins
  5 hobgoblins
  7 jackals (D:2)
  18 kobolds
  2 quokkas
  7 ball pythons
  9 bats
  5 frilled lizards
  A leopard gecko skeleton (D:4)
  5 rats
170 creatures vanquished.

Vanquished Creatures (others)
  A plant (Sewer)
1 creature vanquished.

Grand Total: 171 creatures vanquished

Notes
Turn   | Place    | Note
-------+----------+-------------------------------------------
     0 | D:1      | gimp the Formicid Hunter began the quest for the Orb.
     0 | D:1      | Reached XP level 1. HP: 16/16 MP: 1/1
   347 | D:1      | Reached XP level 2. HP: 23/23 MP: 2/2
   869 | D:2      | Found a shadowy altar of Dithmenos.
  1036 | D:2      | Found an ancient bone altar of Kikubaaqudgha.
  1036 | D:2      | Found a sparkling altar of Nemelex Xobeh.
  1175 | D:2      | Reached XP level 3. HP: 29/29 MP: 3/3
  1294 | D:2      | Found an iron altar of Okawaru.
  1303 | D:2      | Became a worshipper of Warmaster Okawaru
  1536 | D:2      | Reached XP level 4. HP: 35/35 MP: 4/4
  1987 | D:3      | Reached skill level 5 in Crossbows
  2248 | D:3      | Reached skill level 1 in Invocations
  2250 | D:3      | Reached skill level 1 in Armour
  2262 | D:3      | Reached XP level 5. HP: 38/41 MP: 4/6
  2298 | D:3      | Found a faded altar of an unknown god.
  3071 | D:3      | Found a glowing golden altar of the Shining One.
  3339 | D:4      | Reached * piety under Okawaru
  3340 | D:4      | Reached XP level 6. HP: 37/47 MP: 7/7
  3419 | D:4      | Noticed Ijyb
  3435 | D:3      | Reached skill level 1 in Maces & Flails
  3435 | D:3      | Reached skill level 6 in Crossbows
  3748 | D:4      | Killed Ijyb
  3749 | D:4      | Reached XP level 7. HP: 50/52 MP: 9/9
  4133 | D:4      | Reached ** piety under Okawaru
  4655 | D:4      | Reached XP level 8. HP: 54/58 MP: 10/10
  4698 | D:4      | Reached skill level 7 in Crossbows
  5030 | D:5      | Entered Level 5 of the Dungeon
  5094 | D:5      | Found a glowing drain.
  5135 | Sewer    | Entered a sewer
  6068 | D:5      | Identified a scroll of acquirement
  6068 | D:5      | Acquired 1126 gold pieces
  6180 | D:5      | Reached skill level 8 in Crossbows
  6180 | D:5      | Reached skill level 5 in Invocations
  6242 | D:5      | Found a staircase to the Ecumenical Temple.
  6336 | D:6      | Reached *** piety under Okawaru
  6337 | D:6      | Reached XP level 9. HP: 45/63 MP: 12/12
  6529 | D:6      | Found a runed translucent door.
  6543 | D:6      | Noticed garrulousMonolith's ghost (novice HOFi)
  6606 | D:6      | Reached skill level 5 in Armour
  7744 | D:7      | Found a flagged portal.
  7901 | Bailey   | Entered a bailey
  7916 | Bailey   | Reached skill level 9 in Crossbows
  8196 | Bailey   | Noticed an orc knight
  8225 | Bailey   | Reached **** piety under Okawaru
  8226 | Bailey   | Reached skill level 5 in Maces & Flails
  8279 | Bailey   | Slain by an orc warrior

Illustrated notes

Levels and vault maps discovered:
D:1:      dpeg_arrival_windows_large_door, layout_basic
D:2:      layout_loops_corners, okawaru_trees_1, gammafunk_temple_overflow_wave,
          grunt_dithmenos_smoke
D:3:      layout_loops_corners, tso_altar, chequers_ecumenical_altar_twisty
D:4:      layout_loops_cross, uniq_ijyb
D:5:      layout_basic, minmay_temple_entry_antechambers,
          cheibrodos_sewer_entry_drain
D:6:      layout_basic, ebering_ghost_inner_flame
D:7:      layout_gridville, lemuel_crystal_altar, enter_bailey_5,
          lightli_orcish_oven, uniq_joseph
Bailey:   bailey_polearm_4, bailey

Skill      XL: |  1  2  3  4  5  6  7  8  9 |
---------------+----------------------------+-----
Fighting       | 3 |  3.0
Crossbows      | 5 6 8 9 |  9.4
Invocations    | 1 2 3 5 6 |  6.6
Armour         | 1 2 3 4 5 |  5.0
Maces & Flails | 1 2 3 5 |  5.1
Dodging        | |  1.7
Stealth        | |  1.2

Action                   |  1- 3 |  4- 6 |  7- 9 || total
-------------------------+-------+-------+-------++-------
Melee: Flail             |       |       |   297 ||   297
       Punch             |       |       |     2 ||     2
 Fire: Hand crossbow     |    58 |   131 |   103 ||   292
Throw: Dart              |       |       |    12 ||    12
Invok: Heroism           |       |       |     6 ||     6
 Abil: Dig               |       |       |     1 ||     1
Evoke: Wand              |       |       |    49 ||    49
  Use: Scroll            |       |       |    19 ||    19
       Potion            |       |       |     8 ||     8
Armor: Ring mail         |     4 |    15 |    99 ||   118
       Chain mail        |       |       |    64 ||    64
       Skin              |       |       |    24 ||    24
Dodge: Dodged            |    13 |    34 |   250 ||   297

Table legend: (Time is in decaauts)
 A = Elapsed time spent in this place.
 B = Non-inter-level travel time spent in this place.
 C = Inter-level travel time spent in this place.
 D = Time resting spent in this place.
 E = Time spent auto-exploring this place.
 F = Levels seen in this place.
 G = Mean time per level.
                   A        B        C        D        E       F      G
               +--------+--------+--------+--------+--------+-----+--------+
         Total |   8406 |   8228 |    178 |    916 |   5604 |   9 |  934.0 |
       Dungeon |   7493 |   7315 |    178 |    675 |   5248 |   7 | 1070.4 |
         Sewer |    538 |    538 |      0 |      0 |    356 |   1 |  538.0 |
        Bailey |    374 |    374 |      0 |    241 |      0 |   1 |  374.0 |
               +--------+--------+--------+--------+--------+-----+--------+

Top non-repeatable levels by time:
     D:3: 1863 daAuts
     D:4: 1270 daAuts
     D:5: 1165 daAuts
     D:2: 1126 daAuts
     D:6: 994 daAuts
     D:1: 832 daAuts
   Sewer: 538 daAuts
  Bailey: 374 daAuts
     D:7: 239 daAuts
